 Dungeon Crawl Stone Soup version 0.28.0 (webtiles) character file.

Game seed: 1669722248916634470

784 boopmooplesden the Slasher (level 7, -1/61 HPs)
             Began as a Minotaur Fighter on Feb 16, 2022.
             Slain by an orc warrior (9 damage)
             ... on level 4 of the Dungeon.
             The game lasted 00:04:25 (3215 turns).

boopmooplesden the Slasher (Minotaur Fighter)       Turns: 3215, Time: 00:04:25

Health: -1/61      AC: 16    Str: 22    XL:     7   Next: 55%
Magic:  6/6        EV:  8    Int:  5    God:
Gold:   119        SH:  5    Dex: 16    Spells: 6/6 levels left

rFire   . . .      SeeInvis .   a - +0 long sword
rCold   . . .      Faith    .   c - +0 buckler
rNeg    . . .      Spirit   .   l - +0 chain mail
rPois   .          Reflect  .   h - +2 hat
rElec   .          Harm     .   (no cloak)
rCorr   .          Rampage  .   g - +1 Delatra's gloves {ID++}
Will    .....                   i - +1 pair of boots
Stlth   ..........              (no amulet)
HPRegen 0.20/turn               e - +6 ring of dexterity
MPRegen 0.10/turn               (no ring)

@: mighty, about to teleport
A: horns 2, retaliatory headbutt
a: no special abilities


You were on level 4 of the Dungeon.
You visited 1 branch of the dungeon, and saw 4 of its levels.

You collected 119 gold pieces.

Inventory:

Hand Weapons
 a - a +0 long sword (weapon)
Missiles
 r - 4 boomerangs (quivered)
Armour
 b - a +0 scale mail
 c - a +0 buckler (worn)
 g - the +1 Delatra's gloves (worn) {ID++}
   (You found it on level 3 of the Dungeon)

   It heals its wearer when they drink unknown potions.
   It restores its wearer's MP when they read unknown scrolls.
 h - a +2 hat (worn)
 i - a +1 pair of boots (worn)
 l - a +0 chain mail (worn)
Jewellery
 e - a +6 ring of dexterity (left hand)
Scrolls
 f - a scroll of vulnerability
Potions
 d - a potion of might
 j - 2 potions of curing
 k - a potion of invisibility
 m - a potion of haste {unknown}
 n - a potion of mutation {unknown}
 q - a potion of ambrosia {unknown}


   Skills:
 + Level 5.0 Fighting
 + Level 7.2 Long Blades
 + Level 6.4 Armour
 + Level 2.0 Dodging
 + Level 0.3 Stealth
 + Level 4.5 Shields


You had 6 spell levels left.
You didn't know any spells.
Your spell library contained the following spells:

 Spells                   Type           Power      Damage    Failure   Level
 Animate Skeleton         Necr           0%         N/A       99%         1
 Apportation              Tloc           0%         N/A       99%         1
 Magic Dart               Conj           0%         1d3       99%         1
 Pain                     Necr           0%         1d4       99%         1
 Summon Small Mammal      Summ           0%         N/A       99%         1
 Searing Ray              Conj           0%         2d4       100%        2
 Call Canine Familiar     Summ           0%         N/A       100%        3
 Summon Guardian Golem    Hex/Summ       0%         N/A       100%        3
 Vampiric Draining        Necr           0%         2d6       100%        3
 Fulminant Prism          Conj/Hex       0%         3d6       100%        4


Dungeon Overview and Level Annotations

Branches:
Dungeon (4/15)
 Temple: D:4-7

Altars:
Qazlal


Innate Abilities, Weirdness & Mutations

You have a pair of horns on your head.
You reflexively headbutt those who attack you in melee.


Message History

The orc warrior hits you with a +0 halberd!
Your Fighting skill increases to level 5!
You barely miss the orc. Your headbutt misses the orc.
The orc hits you but does no damage. x2; The orc warrior barely misses you.
You barely miss the orc. The orc hits you but does no damage.
You block the orc's attack.
The orc warrior hits you with a +0 halberd!
You feel very mighty all of a sudden. The orc hits you with a +0 flail.
The orc hits you with a +0 short sword.
* * * LOW HITPOINT WARNING * * *
The orc warrior closely misses you.
You slash the orc warrior!
The orc warrior is severely wounded.
The orc barely misses you. You furiously retaliate!
You headbutt the orc. The orc closely misses you. You furiously retaliate!
You headbutt the orc!
You kill the orc!
The orc warrior closely misses you. The orc closely misses you.
You barely miss the orc warrior. Your headbutt misses the orc warrior.
The orc warrior is severely wounded.
The orc hits you but does no damage. You block the orc warrior's attack.
The orc barely misses you.
You barely miss the orc warrior.
The orc warrior is severely wounded.
The orc hits you but does no damage.
The orc warrior hits you but does no damage.
The orc barely misses you.
You slash the orc warrior!
The orc warrior is almost dead.
The orc barely misses you.
The orc warrior hits you with a +0 halberd!
* * * LOW HITPOINT WARNING * * *
The orc hits you with a +0 flail.
* * * LOW HITPOINT WARNING * * *
Okay, then.
As you read the scroll labelled QUSO AMOSIA, it crumbles to dust.
You feel strangely unstable.
It was a scroll of teleportation.
The energy of discovery flows from your fingertips!
Magic courses through your body. You block the orc's attack.
The orc warrior hits you with a +0 halberd!
You die...

. ##### ...
####.8@#o....
###.'..oooo...[#
#.###...##.8.#o....#
.........#####.....#
#..##.##.#####
....##### ..
...#>.....#
'####...######
..####..###.# .
#>.......# #.
##......# .#
#...####.# #
>.......# ####.##
#)#


You could see an orc warrior and 4 orcs.

Vanquished Creatures
  Grinder (D:3)
  Sigmund (D:3)
  2 necrophages (D:3)
  An orc priest (D:3)
  2 orc wizards (D:4)
  Robin (D:4)
  3 gnolls (D:4)
  6 adders
  2 dart slugs (D:2)
  5 orcs
  2 endoplasms
  14 giant cockroaches
  10 goblins
  9 hobgoblins
  4 jackals (D:1)
  2 quokkas
  10 ball pythons
  6 bats
  2 frilled lizards
  5 kobolds
  7 rats
95 creatures vanquished.

Notes
Turn   | Place    | Note
-------+----------+-------------------------------------------
     0 | D:1      | boopmooplesden the Minotaur Fighter began the quest for the
                  | Orb.
     0 | D:1      | Reached XP level 1. HP: 19/19 MP: 0/0
   256 | D:1      | Reached XP level 2. HP: 22/27 MP: 1/1
   307 | D:1      | Found a faded altar of an unknown god.
   836 | D:1      | Reached skill level 3 in Long Blades
   898 | D:1      | Reached XP level 3. HP: 33/33 MP: 2/2
  1474 | D:2      | Reached XP level 4. HP: 35/40 MP: 3/3
  1533 | D:2      | Reached skill level 4 in Long Blades
  1781 | D:3      | Found the +1 Delatra's gloves {ID++}
  1828 | D:3      | Noticed a necrophage
  1845 | D:3      | Killed a necrophage
  1846 | D:3      | Reached skill level 5 in Armour
  1846 | D:3      | Reached skill level 1 in Dodging
  1846 | D:3      | Reached XP level 5. HP: 39/46 MP: 4/4
  2006 | D:3      | Found a stormy altar of Qazlal.
  2009 | D:3      | Noticed Sigmund
  2015 | D:3      | Killed Sigmund
  2016 | D:3      | Reached skill level 5 in Long Blades
  2016 | D:3      | Reached XP level 6. HP: 52/52 MP: 5/5
  2236 | D:3      | Reached skill level 6 in Long Blades
  2536 | D:3      | Noticed Grinder
  2583 | D:3      | Killed Grinder
  2584 | D:3      | Reached skill level 7 in Long Blades
  2584 | D:3      | Reached XP level 7. HP: 27/60 MP: 6/6
  2828 | D:4      | Noticed Robin
  2837 | D:4      | Killed Robin
  3208 | D:4      | Reached skill level 5 in Fighting
  3215 | D:4      | Slain by an orc warrior

Illustrated notes

Levels and vault maps discovered:
D:1:      minmay_arrival_radiant_lines, layout_basic, basic_ecumenical_altar
D:2:      layout_loops_ring
D:3:      minmay_roachtagon, layout_loops_ring,
          nicolae_qazlal_general_emergency, uniq_grinder, uniq_sigmund
D:4:      layout_loops_cross, nzn_hepliaklqana_mist_gate,
          pf_guarded_unrand_delatra, uniq_robin

Skill      XL: |  1  2  3  4  5  6  7 |
---------------+----------------------+-----
Armour         | 4 5 6 |  6.4
Long Blades    | 3 4 5 7 |  7.2
Fighting       | 4 5 |  5.0
Dodging        | 1 2 |  2.0
Shields        | 4 |  4.5
Stealth        | |  0.3

Action                   |  1- 3 |  4- 6 |  7- 9 || total
-------------------------+-------+-------+-------++-------
Melee: Long sword        |    90 |    92 |    51 ||   233
       Headbutt          |    12 |    11 |     4 ||    27
Throw: Throwing net      |       |       |     1 ||     1
  Use: Scroll            |       |     5 |     1 ||     6
       Potion            |       |       |     1 ||     1
Armor: Scale mail        |    46 |    23 |       ||    69
       Chain mail        |       |    25 |    53 ||    78
Dodge: Dodged            |    51 |    34 |    26 ||   111
Block: Buckler           |    17 |    21 |    30 ||    68
